Americans vs Devils
Created - February 8, 2024 at 19:08
Goals
|
| Americans |
2 |
3 |
2 |
7 |
| Devils |
3 |
1 |
1 |
5 |
|
Shots
|
| Americans |
10 |
16 |
11 |
37 |
| Devils |
17 |
14 |
11 |
42 |
|
1st period
1. Devils , Mason Marchment 3 (Alan Quine 17, Conor Garland 16) at 1:50
2. Devils , Conor Garland 17 (Alan Quine 18, Mason Marchment 7) at 6:52
3. Americans , Daniel Sprong 4 (Jakub Vrana 19, Joel Eriksson Ek 44) at 7:29
4. Devils , Valeri Nichushkin 19 (Joonas Donskoi 29, Brett Seney 26) at 7:45
5. Americans , Teemu Pulkkinen 22 (Tanner Richard 10) at 9:25
Penalties :
No Penalty
2nd period
6. Americans , Teemu Pulkkinen 23 (Tanner Richard 11) at 6:50
7. Americans , Jakub Vrana 21 (Joel Eriksson Ek 45, Spencer Stastney 4) at 8:32
8. Americans , Teemu Pulkkinen 24 (Tanner Richard 12, Joel Eriksson Ek 46) at 13:37
9. Devils , Brett Seney 25 (Joonas Donskoi 30, Valeri Nichushkin 25) at 16:13 (PP)
Penalties :
Teemu Pulkkinen (Roc) for Hooking (Minor) at 15:58
3rd period
10. Americans , Teemu Pulkkinen 25 (Tanner Richard 13, Dillon Heatherington 20) at 5:29
11. Devils , Cristiano Digiacinto 6 (Alexandre Texier 11, Reid Boucher 16) at 16:16
12. Americans , Vladimir Tkachev 6 (Jonas Brodin 18, Ryan Fitzgerald 23) at 16:30
Penalties :
Cristiano Digiacinto (Bin) for Boarding (Double Minor) at 6:36, Xavier Bouchard (Roc) for Hooking (Minor) at 13:33
Goalie Stats
Connor Hellebyuk (Roc), 37 saves from 42 shots - (0.881), W, 18-17-4, 60:00 minutes
Akira Schmid (Bin), 13 saves from 15 shots - (0.867), L, 2-7-1, 26:23 minutes
Juuse Saros (Bin), 17 saves from 22 shots - (0.773), 33:37 minutes
Players Stats for Americans
Player Name G A P +/- PIM S H SB GA TA FO MP PP MP PK MP
------------------------------------------------------------------------------------
Alex Schoenborn 0 0 0 1 0 1 3 0 1 0 0/1 13:11 0:23 0:00
Cameron Hughes 0 0 0 0 0 0 0 0 0 0 0/0 0:31 0:18 0:13
Charlie McAvoy 0 0 0 2 0 0 2 0 0 0 0/0 23:40 1:57 1:20
Daniel Sprong 1 0 1 0 0 2 0 0 0 1 1/1 16:02 1:29 0:00
Dillon Heatherington 0 1 1 1 0 0 1 1 0 0 0/0 18:02 1:29 0:54
Dmitri Semykin 0 0 0 1 0 0 0 0 0 0 0/0 5:23 0:00 0:00
Jakub Vrana 1 1 2 -1 0 5 1 1 0 0 1/1 17:34 1:29 0:48
Joel Eriksson Ek 0 3 3 0 0 1 1 0 2 0 7/16 16:18 1:29 0:16
Joel Teasdale 0 0 0 0 0 0 0 0 0 0 0/0 2:44 0:42 0:00
John Leonard 0 0 0 0 0 0 0 0 0 0 0/0 6:36 0:00 0:00
Jonas Brodin 0 1 1 2 0 4 1 1 1 0 0/0 23:40 1:57 1:20
Lauri Pajuniemi 0 0 0 -1 0 0 0 0 0 0 0/1 1:31 0:00 0:47
Matt Grzelcyk 0 0 0 1 0 3 0 3 0 0 0/0 18:02 1:29 0:54
Maxim Mamin 0 0 0 0 0 1 1 0 0 0 0/2 6:36 0:00 0:00
Nathan Noel 0 0 0 0 0 2 1 0 0 0 0/1 2:52 0:44 0:00
Richard Nejezchleb 0 0 0 3 0 0 2 0 1 0 1/2 20:41 1:35 0:00
Ryan Fitzgerald 0 1 1 1 0 0 1 0 0 0 5/6 10:46 0:00 0:00
Spencer Stastney 0 1 1 -1 0 1 0 2 0 1 0/0 12:55 0:33 0:00
Tanner Richard 0 4 4 3 0 2 1 1 0 0 22/38 21:49 1:35 1:14
Tarmo Reunanen 0 0 0 -1 0 1 1 3 0 0 0/0 12:55 0:33 0:00
Teemu Pulkkinen 4 0 4 3 2 9 0 2 1 1 1/3 21:42 1:39 0:58
Vladimir Tkachev 1 0 1 1 0 3 1 0 0 0 0/1 11:32 0:34 0:12
Xavier Bouchard 0 0 0 0 2 0 0 0 0 0 0/0 6:06 0:00 0:00
Zachary Senyshyn 0 0 0 0 0 2 0 0 0 0 0/0 6:36 0:00 0:00
Players Stats for Devils
Player Name G A P +/- PIM S H SB GA TA FO MP PP MP PK MP
------------------------------------------------------------------------------------
Alan Quine 0 2 2 1 0 2 0 0 0 0 7/14 15:35 0:52 1:19
Alexandre Texier 0 1 1 1 0 2 0 0 0 0 0/1 11:56 0:07 0:00
Brett Howden 0 0 0 0 0 5 0 2 0 0 2/5 11:05 0:00 0:00
Brett Seney 1 1 2 -4 0 4 2 0 0 0 18/34 20:57 1:15 1:31
Christian Wolanin 0 0 0 0 0 3 3 1 1 1 0/0 16:54 0:44 1:56
Conor Garland 1 1 2 1 0 7 0 0 0 0 0/1 14:06 0:52 0:00
Cristiano Digiacinto 1 0 1 0 4 3 0 1 0 0 0/0 11:24 0:07 0:00
Darren Dietz 0 0 0 -2 0 2 1 1 0 1 0/0 21:54 1:30 1:24
Eeli Tolvanen 0 0 0 0 0 1 0 2 0 0 0/0 12:19 0:00 1:14
Filip Roos 0 0 0 1 0 0 0 0 0 0 0/0 7:54 0:00 0:00
Ilya Lyubushkin 0 0 0 -2 0 0 0 0 1 0 0/0 21:54 1:30 1:24
Jake Bean 0 0 0 0 0 0 1 0 0 0 0/0 16:54 0:44 1:56
Jonny Brodzinski 0 0 0 -1 0 3 1 0 0 0 1/1 10:33 0:00 0:00
Joonas Donskoi 0 2 2 -4 0 4 0 1 1 1 1/3 19:25 1:15 0:00
Marcus Bjork 0 0 0 -2 0 0 0 0 0 0 0/0 13:18 0:00 0:39
Mason Marchment 1 1 2 1 0 1 1 0 0 2 0/1 15:18 0:52 1:11
Reid Boucher 0 1 1 0 0 1 0 0 0 1 4/11 12:23 0:07 1:09
Valeri Nichushkin 1 1 2 -4 0 3 2 0 0 0 2/2 20:59 1:15 1:34
Vincent Desharnais 0 0 0 1 0 0 0 0 0 0 0/0 7:54 0:00 0:00
Wyatt Kalynuk 0 0 0 -2 0 1 0 1 0 0 0/0 13:18 0:00 0:39
3 Stars
1 - Teemu Pulkkinen (Roc)
2 - Tanner Richard (Roc)
3 - Joel Eriksson Ek (Roc)
Power Play
Americans - 0 on 2 Attempt(s) - 0.00%
Devils - 1 on 2 Attempt(s) - 50.00%
Penalty Kill
Americans - 1 on 2 Attempt(s) - 50.00%
- Score 0 goal in Penalty Kill
Devils - 2 on 2 Attempt(s) - 100.00%
- Score 0 goal in Penalty Kill
Team Stat
Americans - Hits : 17 - Faceoff Wins : 38 - Blocked Shots : 14 - Penalty Minutes : 4
Devils - Hits : 11 - Faceoff Wins : 35 - Blocked Shots : 9 - Penalty Minutes : 4
Official
Referees : Ian Walsh and TJ Luxmore
Linesman : Steve Miller and Greg Devorski
Game Notes
Teemu Pulkkinen has scored a Hat Trick!
Akira Schmid enters game at 13:37 of 2nd period
Finance
Level 1 -- Attendance: 1748 (87.40%) -- Ticket Income $122,360
Level 2 -- Attendance: 922 (92.20%) -- Ticket Income $36,880
Total Attendance: 2670 (89.00%)
Total Ticket Income: $159,240
Other Income: $7,962
Total Income: $167,202
Americans
5 vs 5 Forward
Center Left Wing Right Wing Time % Phy DF OF
1 Tanner Richard Teemu Pulkkinen Richard Nejezchleb 40 1 2 2
2 Joel Eriksson Ek Jakub Vrana Daniel Sprong 30 1 2 2
3 Ryan Fitzgerald Vladimir Tkachev Alex Schoenborn 20 1 2 2
4 Maxim Mamin John Leonard Zachary Senyshyn 10 1 2 2
5 vs 5 Defense
Defense Defense Time % Phy DF OF
1 Jonas Brodin Charlie McAvoy 40 1 2 2
2 Dillon Heatherington Matt Grzelcyk 30 1 2 2
3 Tarmo Reunanen Spencer Stastney 20 1 2 2
4 Xavier Bouchard Dmitri Semykin 10 1 2 2
PowerPlay Forward
Center Left Wing Right Wing Time % Phy DF OF
1 Tanner Richard Teemu Pulkkinen Richard Nejezchleb 60 1 2 2
2 Joel Eriksson Ek Jakub Vrana Daniel Sprong 40 1 2 2
PowerPlay Defense
Defense Defense Time % Phy DF OF
1 Jonas Brodin Charlie McAvoy 60 1 2 2
2 Dillon Heatherington Matt Grzelcyk 40 1 2 2
Penalty Kill 4 Players Forward
Center Wing Time % Phy DF OF
1 Teemu Pulkkinen Tanner Richard 60 1 2 2
2 Jakub Vrana Joel Eriksson Ek 40 1 2 2
Penalty Kill 4 Players Defense
Defense Defense Time % Phy DF OF
1 Jonas Brodin Charlie McAvoy 60 1 2 2
2 Dillon Heatherington Matt Grzelcyk 40 1 2 2
Penalty Kill - 3 Players Forward
Forward Time % Phy DF OF
1 Teemu Pulkkinen 60 1 2 2
2 Tanner Richard 40 1 2 2
Penalty Kill - 3 Players Defense
Defense Defense Time % Phy DF OF
1 Jonas Brodin Charlie McAvoy 60 1 2 2
2 Dillon Heatherington Matt Grzelcyk 40 1 2 2
4 vs 4 Forward
Center Wing Time % Phy DF OF
1 Teemu Pulkkinen Tanner Richard 60 1 2 2
2 Jakub Vrana Joel Eriksson Ek 40 1 2 2
4 vs 4 Defense
Defense Defense Time % Phy DF OF
1 Jonas Brodin Charlie McAvoy 60 1 2 2
2 Dillon Heatherington Matt Grzelcyk 40 1 2 2
Last Minutes Offensive
Center Left Wing Right Wing Defense Defense
Tanner Richard Teemu Pulkkinen Richard Nejezchleb Jonas Brodin Charlie McAvoy
Last Minutes Defensive
Center Left Wing Right Wing Defense Defense
Tanner Richard Teemu Pulkkinen Richard Nejezchleb Jonas Brodin Charlie McAvoy
Goaltenders
Starting : Connor Hellebyuk
Backup : Peyton Jones
Extra Forwards
Normal : Nathan Noel, Joel Teasdale, Lauri Pajuniemi - PP : Nathan Noel, Joel Teasdale - PK : Lauri Pajuniemi
Extra Defensemen
Normal : Tarmo Reunanen, Spencer Stastney, Xavier Bouchard - PP : Tarmo Reunanen - PK : Spencer Stastney, Xavier Bouchard
Penalty Shots
Teemu Pulkkinen, Tanner Richard, Jakub Vrana, Joel Eriksson Ek, Ryan Fitzgerald
Custom OT Lines Forwards
Teemu Pulkkinen, Tanner Richard, Jakub Vrana, Joel Eriksson Ek, Ryan Fitzgerald, Vladimir Tkachev, Richard Nejezchleb, Maxim Mamin, Nathan Noel, Daniel Sprong
Custom OT Lines Defensemen
Jonas Brodin, Charlie McAvoy, Dillon Heatherington, Matt Grzelcyk, Tarmo Reunanen
Scratches
None
Devils
5 vs 5 Forward
Center Left Wing Right Wing Time % Phy DF OF
1 Brett Seney Valeri Nichushkin Joonas Donskoi 36 0 2 3
2 Alan Quine Mason Marchment Conor Garland 28 0 2 3
3 Reid Boucher Cristiano Digiacinto Jonny Brodzinski 18 0 2 3
4 Brett Howden Eeli Tolvanen Alexandre Texier 18 0 2 3
5 vs 5 Defense
Defense Defense Time % Phy DF OF
1 Darren Dietz Ilya Lyubushkin 36 1 3 1
2 Christian Wolanin Jake Bean 28 1 3 1
3 Wyatt Kalynuk Marcus Bjork 22 1 3 1
4 Vincent Desharnais Filip Roos 14 1 3 1
PowerPlay Forward
Center Left Wing Right Wing Time % Phy DF OF
1 Brett Seney Valeri Nichushkin Joonas Donskoi 60 0 0 5
2 Alan Quine Mason Marchment Conor Garland 40 0 0 5
PowerPlay Defense
Defense Defense Time % Phy DF OF
1 Darren Dietz Ilya Lyubushkin 60 0 2 3
2 Christian Wolanin Jake Bean 40 0 2 3
Penalty Kill 4 Players Forward
Center Wing Time % Phy DF OF
1 Brett Seney Valeri Nichushkin 60 1 3 1
2 Alan Quine Mason Marchment 40 1 3 1
Penalty Kill 4 Players Defense
Defense Defense Time % Phy DF OF
1 Darren Dietz Ilya Lyubushkin 60 1 4 0
2 Christian Wolanin Jake Bean 40 1 4 0
Penalty Kill - 3 Players Forward
Forward Time % Phy DF OF
1 Brett Seney 60 1 3 1
2 Alan Quine 40 1 3 1
Penalty Kill - 3 Players Defense
Defense Defense Time % Phy DF OF
1 Darren Dietz Ilya Lyubushkin 60 1 4 0
2 Christian Wolanin Jake Bean 40 1 4 0
4 vs 4 Forward
Center Wing Time % Phy DF OF
1 Brett Seney Valeri Nichushkin 60 0 2 3
2 Alan Quine Mason Marchment 40 0 2 3
4 vs 4 Defense
Defense Defense Time % Phy DF OF
1 Darren Dietz Ilya Lyubushkin 60 0 3 2
2 Christian Wolanin Jake Bean 40 0 3 2
Last Minutes Offensive
Center Left Wing Right Wing Defense Defense
Brett Seney Valeri Nichushkin Joonas Donskoi Darren Dietz Ilya Lyubushkin
Last Minutes Defensive
Center Left Wing Right Wing Defense Defense
Brett Seney Valeri Nichushkin Joonas Donskoi Darren Dietz Ilya Lyubushkin
Goaltenders
Starting : Juuse Saros
Backup : Akira Schmid
Extra Forwards
Normal : Alan Quine, Reid Boucher, Jonny Brodzinski - PP : Alan Quine, Reid Boucher - PK : Alan Quine
Extra Defensemen
Normal : Vincent Desharnais, Filip Roos, Marcus Bjork - PP : Jake Bean - PK : Jake Bean, Wyatt Kalynuk
Penalty Shots
Valeri Nichushkin, Joonas Donskoi, Conor Garland, Brett Seney, Alan Quine
Custom OT Lines Forwards
Valeri Nichushkin, Joonas Donskoi, Conor Garland, Brett Seney, Alan Quine, Reid Boucher, Jonny Brodzinski, Mason Marchment, Brett Howden, Alexandre Texier
Custom OT Lines Defensemen
Darren Dietz, Ilya Lyubushkin, Christian Wolanin, Jake Bean, Wyatt Kalynuk
Scratches
Nicolas Roy (Healthy), Tim Gettinger (Healthy), Jordan Binnington (Healthy)
% Time on Ice - Americans
Lines # - Real PCT - Wanted PCT - Time Play
Normal Forward
1 - 41% - 40% - 21:52
2 - 27% - 30% - 14:33
3 - 20% - 20% - 10:46
4 - 12% - 10% - 6:36
Normal Defense
1 - 38% - 40% - 20:23
2 - 33% - 30% - 17:41
3 - 19% - 20% - 10:20
4 - 10% - 10% - 5:23
PP Forward
1 - 55% - 60% - 2:12
2 - 45% - 40% - 1:47
PP Defense
1 - 49% - 60% - 1:57
2 - 51% - 40% - 2:02
PK Forward
1 - 88% - 60% - 1:58
2 - 12% - 40% - 0:16
PK Defense
1 - 60% - 60% - 1:20
2 - 40% - 40% - 0:54
PK3 Forward
1 - 0% - 60%
2 - 0% - 40%
PK3 Defense
1 - 0% - 60%
2 - 0% - 40%
44 Forward
1 - 0% - 60%
2 - 0% - 40%
44 Defense
1 - 0% - 60%
2 - 0% - 40%
Last Minute Offensive - 0:00
Last Minute Defensive - 0:00
Total
Forward - 60:00
Defense - 60:00
|
% Time on Ice - Devils
Lines # - Real PCT - Wanted PCT - Time Play
Normal Forward
1 - 35% - 36% - 18:55
2 - 25% - 28% - 13:14
3 - 20% - 18% - 10:33
4 - 21% - 18% - 11:05
Normal Defense
1 - 35% - 36% - 19:00
2 - 26% - 28% - 14:14
3 - 24% - 22% - 12:39
4 - 15% - 14% - 7:54
PP Forward
1 - 61% - 60% - 1:22
2 - 39% - 40% - 0:52
PP Defense
1 - 67% - 60% - 1:30
2 - 33% - 40% - 0:44
PK Forward
1 - 95% - 60% - 3:47
2 - 5% - 40% - 0:12
PK Defense
1 - 51% - 60% - 2:03
2 - 49% - 40% - 1:56
PK3 Forward
1 - 0% - 60%
2 - 0% - 40%
PK3 Defense
1 - 0% - 60%
2 - 0% - 40%
44 Forward
1 - 0% - 60%
2 - 0% - 40%
44 Defense
1 - 0% - 60%
2 - 0% - 40%
Last Minute Offensive - 0:00
Last Minute Defensive - 0:00
Total
Forward - 60:00
Defense - 60:00
|
Play-by-Play
1st period
0:01 of 1st period - Tanner Richard wins face-off versus Brett Seney in neutral zone.
0:50 of 1st period - Snap shot by Jonny Brodzinski.
0:50 of 1st period - Shot Misses the Net.
1:06 of 1st period - Wrist shot by Maxim Mamin.
1:06 of 1st period - Stopped by Juuse Saros with a rebound.
1:08 of 1st period - Slapshot by Matt Grzelcyk.
1:08 of 1st period - Shot Blocked by Christian Wolanin.
1:27 of 1st period - Tarmo Reunanen is hit by Valeri Nichushkin and loses puck.
1:48 of 1st period - Snap shot by Alan Quine.
1:48 of 1st period - Shot Misses the Net.
1:50 of 1st period - Wrist shot by Mason Marchment.
1:50 of 1st period - Goal by Mason Marchment - Americans : 0 - Devils : 1.
1:51 of 1st period - Alan Quine wins face-off versus Tanner Richard in neutral zone.
2:25 of 1st period - Icing by Charlie McAvoy.
2:26 of 1st period - Joel Eriksson Ek wins face-off versus Reid Boucher in Americans zone.
2:41 of 1st period - Backhand shot by Jakub Vrana.
2:41 of 1st period - Stopped by Juuse Saros with a rebound.
2:43 of 1st period - Slapshot by Jonas Brodin.
2:43 of 1st period - Stopped by Juuse Saros without a rebound.
2:44 of 1st period - Ryan Fitzgerald wins face-off versus Brett Howden in Devils zone.
4:14 of 1st period - Snap shot by Alexandre Texier.
4:14 of 1st period - Deflect By Eeli Tolvanen.
4:14 of 1st period - Stopped by Connor Hellebyuk without a rebound.
4:15 of 1st period - Ryan Fitzgerald wins face-off versus Brett Howden in Americans zone.
4:34 of 1st period - Alexandre Texier is hit by Vladimir Tkachev and loses puck.
4:58 of 1st period - Icing by Jonas Brodin.
4:59 of 1st period - Joonas Donskoi wins face-off versus Ryan Fitzgerald in Americans zone.
5:00 of 1st period - Wrist shot by Brett Seney.
5:00 of 1st period - Stopped by Connor Hellebyuk with a rebound.
6:26 of 1st period - Snap shot by Matt Grzelcyk.
6:26 of 1st period - Stopped by Juuse Saros with a rebound.
6:44 of 1st period - Off-side.
6:45 of 1st period - Alan Quine wins face-off versus Joel Eriksson Ek in neutral zone.
6:50 of 1st period - Wrist shot by Alan Quine.
6:50 of 1st period - Shot Blocked by Tarmo Reunanen.
6:52 of 1st period - Snap shot by Conor Garland.
6:52 of 1st period - Goal by Conor Garland - Americans : 0 - Devils : 2.
6:53 of 1st period - Brett Seney wins face-off versus Tanner Richard in neutral zone.
7:23 of 1st period - Wrist shot by Conor Garland.
7:23 of 1st period - Stopped by Connor Hellebyuk without a rebound.
7:24 of 1st period - Joel Eriksson Ek wins face-off versus Brett Seney in Americans zone.
7:29 of 1st period - Snap shot by Daniel Sprong.
7:29 of 1st period - Goal by Daniel Sprong - Americans : 1 - Devils : 2.
7:30 of 1st period - Valeri Nichushkin wins face-off versus Tanner Richard in neutral zone.
7:45 of 1st period - Wrist shot by Joonas Donskoi.
7:45 of 1st period - Deflect By Valeri Nichushkin.
7:45 of 1st period - Goal by Valeri Nichushkin - Americans : 1 - Devils : 3.
7:46 of 1st period - Brett Seney wins face-off versus Joel Eriksson Ek in neutral zone.
8:32 of 1st period - Snap shot by Jonny Brodzinski.
8:32 of 1st period - Stopped by Connor Hellebyuk with a rebound.
8:59 of 1st period - Snap shot by Ryan Fitzgerald.
8:59 of 1st period - Shot Misses the Net.
9:11 of 1st period - Slapshot by Tanner Richard.
9:11 of 1st period - Shot Blocked by Eeli Tolvanen.
9:17 of 1st period - Wrist shot by Teemu Pulkkinen.
9:17 of 1st period - Stopped by Juuse Saros without a rebound.
9:18 of 1st period - Tanner Richard wins face-off versus Joonas Donskoi in Devils zone.
9:25 of 1st period - Backhand shot by Teemu Pulkkinen.
9:25 of 1st period - Goal by Teemu Pulkkinen - Americans : 2 - Devils : 3.
9:26 of 1st period - Joel Eriksson Ek wins face-off versus Brett Seney in neutral zone.
10:15 of 1st period - Jonas Brodin is hit by Christian Wolanin and loses puck.
10:42 of 1st period - Valeri Nichushkin is hit by Ryan Fitzgerald and loses puck.
10:53 of 1st period - Wrist shot by Brett Howden.
10:53 of 1st period - Stopped by Connor Hellebyuk with a rebound.
11:03 of 1st period - Slapshot by Christian Wolanin.
11:03 of 1st period - Deflect By Charlie McAvoy.
11:03 of 1st period - Stopped by Connor Hellebyuk without a rebound.
11:04 of 1st period - Alan Quine wins face-off versus Tanner Richard in Americans zone.
11:15 of 1st period - Wrist shot by Alan Quine.
11:15 of 1st period - Shot Blocked by Matt Grzelcyk.
11:29 of 1st period - Joel Eriksson Ek is hit by Brett Seney and loses puck.
11:36 of 1st period - Wrist shot by Brett Seney.
11:36 of 1st period - Deflect By Joonas Donskoi.
11:36 of 1st period - Stopped by Connor Hellebyuk with a rebound.
11:39 of 1st period - Icing by Dillon Heatherington.
11:40 of 1st period - Reid Boucher wins face-off versus Joel Eriksson Ek in Americans zone.
11:49 of 1st period - Slapshot by Reid Boucher.
11:49 of 1st period - Shot Misses the Net.
11:51 of 1st period - Snap shot by Reid Boucher.
11:51 of 1st period - Shot Misses the Net.
11:53 of 1st period - Wrist shot by Cristiano Digiacinto.
11:53 of 1st period - Stopped by Connor Hellebyuk without a rebound.
11:54 of 1st period - Brett Seney wins face-off versus Tanner Richard in Americans zone.
11:57 of 1st period - Slapshot by Valeri Nichushkin.
11:57 of 1st period - Stopped by Connor Hellebyuk without a rebound.
11:58 of 1st period - Richard Nejezchleb wins face-off versus Brett Seney in Americans zone.
12:23 of 1st period - Wrist shot by Alan Quine.
12:23 of 1st period - Deflect By Conor Garland.
12:23 of 1st period - Stopped by Connor Hellebyuk without a rebound.
12:24 of 1st period - Alan Quine wins face-off versus Joel Eriksson Ek in Americans zone.
12:49 of 1st period - Mason Marchment is hit by Tarmo Reunanen and loses puck.
12:54 of 1st period - Slapshot by John Leonard.
12:54 of 1st period - Deflect By Maxim Mamin.
12:54 of 1st period - Shot Misses the Net.
12:54 of 1st period - Puck is out of play.
12:55 of 1st period - Brett Seney wins face-off versus Maxim Mamin in Devils zone.
13:07 of 1st period - Jonas Brodin is hit by Darren Dietz.
13:48 of 1st period - Snap shot by Maxim Mamin.
13:48 of 1st period - Deflect By Zachary Senyshyn.
13:48 of 1st period - Stopped by Juuse Saros with a rebound.
14:00 of 1st period - Snap shot by Valeri Nichushkin.
14:00 of 1st period - Stopped by Connor Hellebyuk without a rebound.
14:01 of 1st period - Reid Boucher wins face-off versus Tanner Richard in Americans zone.
14:14 of 1st period - Snap shot by Teemu Pulkkinen.
14:14 of 1st period - Stopped by Juuse Saros with a rebound.
14:16 of 1st period - Snap shot by Richard Nejezchleb.
14:16 of 1st period - Shot Misses the Net.
14:48 of 1st period - Alexandre Texier is hit by Alex Schoenborn and loses puck.
15:25 of 1st period - Off-side.
15:26 of 1st period - Brett Howden wins face-off versus Alex Schoenborn in neutral zone.
15:54 of 1st period - Slapshot by Darren Dietz.
15:54 of 1st period - Deflect By Joonas Donskoi.
15:54 of 1st period - Shot Misses the Net.
15:54 of 1st period - Puck is out of play.
15:55 of 1st period - Brett Seney wins face-off versus Tanner Richard in Americans zone.
15:56 of 1st period - Snap shot by Valeri Nichushkin.
15:56 of 1st period - Shot Misses the Net.
16:04 of 1st period - Wyatt Kalynuk is hit by Richard Nejezchleb and loses puck.
16:31 of 1st period - Wrist shot by Joel Eriksson Ek.
16:31 of 1st period - Shot Misses the Net.
17:07 of 1st period - Snap shot by Eeli Tolvanen.
17:07 of 1st period - Shot Misses the Net.
17:09 of 1st period - Snap shot by Brett Howden.
17:09 of 1st period - Stopped by Connor Hellebyuk with a rebound.
17:11 of 1st period - Slapshot by Christian Wolanin.
17:11 of 1st period - Shot Blocked by Dillon Heatherington.
17:29 of 1st period - Snap shot by Christian Wolanin.
17:29 of 1st period - Stopped by Connor Hellebyuk with a rebound.
17:32 of 1st period - Icing by Dillon Heatherington.
17:33 of 1st period - Tanner Richard wins face-off versus Alan Quine in Americans zone.
18:08 of 1st period - Snap shot by Tanner Richard.
18:08 of 1st period - Shot Blocked by Joonas Donskoi.
18:22 of 1st period - Slapshot by Tanner Richard.
18:22 of 1st period - Stopped by Juuse Saros with a rebound.
18:58 of 1st period - Snap shot by Valeri Nichushkin.
18:58 of 1st period - Shot Blocked by Matt Grzelcyk.
19:00 of 1st period - Slapshot by Darren Dietz.
19:00 of 1st period - Stopped by Connor Hellebyuk with a rebound.
19:04 of 1st period - Wrist shot by Joonas Donskoi.
19:04 of 1st period - Shot Blocked by Matt Grzelcyk.
19:06 of 1st period - Backhand shot by Ilya Lyubushkin.
19:06 of 1st period - Deflect By Valeri Nichushkin.
19:06 of 1st period - Shot Misses the Net.
19:06 of 1st period - Puck is out of play.
19:07 of 1st period - Alan Quine wins face-off versus Joel Eriksson Ek in Americans zone.
19:20 of 1st period - Slapshot by Alan Quine.
19:20 of 1st period - Shot Blocked by Jonas Brodin.
Goals for this period are 2 for Americans vs 3 for Devils.
Shots for this period are 10 for Americans vs 17 for Devils.
2nd period
0:01 of 2nd period - Daniel Sprong wins face-off versus Alan Quine in neutral zone.
0:10 of 2nd period - Wrist shot by Conor Garland.
0:10 of 2nd period - Stopped by Connor Hellebyuk with a rebound.
0:14 of 2nd period - Snap shot by Conor Garland.
0:14 of 2nd period - Stopped by Connor Hellebyuk without a rebound.
0:15 of 2nd period - Tanner Richard wins face-off versus Reid Boucher in Americans zone.
0:28 of 2nd period - Snap shot by Teemu Pulkkinen.
0:28 of 2nd period - Shot Misses the Net.
0:30 of 2nd period - Wrist shot by Charlie McAvoy.
0:30 of 2nd period - Shot Misses the Net.
1:44 of 2nd period - Snap shot by Teemu Pulkkinen.
1:44 of 2nd period - Stopped by Juuse Saros with a rebound.
1:50 of 2nd period - Wrist shot by Teemu Pulkkinen.
1:50 of 2nd period - Stopped by Juuse Saros without a rebound.
1:51 of 2nd period - Joel Eriksson Ek wins face-off versus Mason Marchment in Devils zone.
1:52 of 2nd period - Wrist shot by Jonas Brodin.
1:52 of 2nd period - Stopped by Juuse Saros with a rebound.
2:41 of 2nd period - Brett Seney is hit by Tanner Richard and loses puck.
3:02 of 2nd period - Snap shot by Vladimir Tkachev.
3:02 of 2nd period - Stopped by Juuse Saros without a rebound.
3:03 of 2nd period - Ryan Fitzgerald wins face-off versus Alan Quine in Devils zone.
3:04 of 2nd period - Slapshot by Jonas Brodin.
3:04 of 2nd period - Stopped by Juuse Saros with a rebound.
3:24 of 2nd period - Wyatt Kalynuk is hit by Charlie McAvoy and loses puck.
4:14 of 2nd period - Slapshot by Vladimir Tkachev.
4:14 of 2nd period - Stopped by Juuse Saros without a rebound.
4:15 of 2nd period - Tanner Richard wins face-off versus Joonas Donskoi in Devils zone.
4:16 of 2nd period - Snap shot by Teemu Pulkkinen.
4:16 of 2nd period - Shot Hit the Post.
4:18 of 2nd period - Snap shot by Teemu Pulkkinen.
4:18 of 2nd period - Stopped by Juuse Saros without a rebound.
4:19 of 2nd period - Tanner Richard wins face-off versus Brett Seney in Devils zone.
4:35 of 2nd period - Off-side.
4:36 of 2nd period - Joel Eriksson Ek wins face-off versus Reid Boucher in neutral zone.
5:01 of 2nd period - Jonas Brodin is hit by Christian Wolanin.
6:10 of 2nd period - Wrist shot by Jonny Brodzinski.
6:10 of 2nd period - Stopped by Connor Hellebyuk with a rebound.
6:12 of 2nd period - Slapshot by Cristiano Digiacinto.
6:12 of 2nd period - Shot Misses the Net.
6:14 of 2nd period - Slapshot by Reid Boucher.
6:14 of 2nd period - Deflect By Jonny Brodzinski.
6:14 of 2nd period - Shot Blocked by Spencer Stastney.
6:14 of 2nd period - Puck is out of play.
6:15 of 2nd period - Brett Seney wins face-off versus Tanner Richard in Americans zone.
6:28 of 2nd period - Snap shot by Brett Seney.
6:28 of 2nd period - Deflect By Joonas Donskoi.
6:28 of 2nd period - Shot Blocked by Tanner Richard.
6:28 of 2nd period - Puck is out of play.
6:29 of 2nd period - Joel Eriksson Ek wins face-off versus Alan Quine in Americans zone.
6:42 of 2nd period - Slapshot by Alan Quine.
6:42 of 2nd period - Shot Misses the Net.
6:44 of 2nd period - Snap shot by Conor Garland.
6:44 of 2nd period - Stopped by Connor Hellebyuk without a rebound.
6:45 of 2nd period - Tanner Richard wins face-off versus Brett Seney in Americans zone.
6:50 of 2nd period - Slapshot by Teemu Pulkkinen.
6:50 of 2nd period - Goal by Teemu Pulkkinen - Americans : 3 - Devils : 3.
6:51 of 2nd period - Tanner Richard wins face-off versus Brett Seney in neutral zone.
7:20 of 2nd period - Wrist shot by Alan Quine.
7:20 of 2nd period - Stopped by Connor Hellebyuk without a rebound.
7:21 of 2nd period - Joel Eriksson Ek wins face-off versus Alan Quine in Americans zone.
7:50 of 2nd period - Snap shot by Joel Eriksson Ek.
7:50 of 2nd period - Shot Misses the Net.
8:30 of 2nd period - Slapshot by Jakub Vrana.
8:30 of 2nd period - Stopped by Juuse Saros with a rebound.
8:32 of 2nd period - Slapshot by Jakub Vrana.
8:32 of 2nd period - Goal by Jakub Vrana - Americans : 4 - Devils : 3.
8:33 of 2nd period - Brett Seney wins face-off versus Tanner Richard in neutral zone.
8:36 of 2nd period - Slapshot by Ilya Lyubushkin.
8:36 of 2nd period - Deflect By Joonas Donskoi.
8:36 of 2nd period - Shot Misses the Net.
8:36 of 2nd period - Puck is out of play.
8:37 of 2nd period - Tanner Richard wins face-off versus Brett Seney in Americans zone.
8:45 of 2nd period - Off-side.
8:46 of 2nd period - Brett Seney wins face-off versus Tanner Richard in neutral zone.
9:34 of 2nd period - Off-side.
9:35 of 2nd period - Brett Howden wins face-off versus Maxim Mamin in neutral zone.
9:42 of 2nd period - Snap shot by Brett Howden.
9:42 of 2nd period - Stopped by Connor Hellebyuk without a rebound.
9:43 of 2nd period - Teemu Pulkkinen wins face-off versus Brett Seney in Americans zone.
11:01 of 2nd period - Snap shot by Conor Garland.
11:01 of 2nd period - Stopped by Connor Hellebyuk without a rebound.
11:02 of 2nd period - Tanner Richard wins face-off versus Brett Seney in Americans zone.
11:11 of 2nd period - Wrist shot by Tanner Richard.
11:11 of 2nd period - Stopped by Juuse Saros without a rebound.
11:12 of 2nd period - Tanner Richard wins face-off versus Brett Seney in Devils zone.
11:40 of 2nd period - Snap shot by Joonas Donskoi.
11:40 of 2nd period - Shot Hit the Post.
11:42 of 2nd period - Wrist shot by Valeri Nichushkin.
11:42 of 2nd period - Shot Blocked by Tarmo Reunanen.
11:44 of 2nd period - Slapshot by Jake Bean.
11:44 of 2nd period - Shot Misses the Net.
11:52 of 2nd period - Backhand shot by Joonas Donskoi.
11:52 of 2nd period - Shot Blocked by Teemu Pulkkinen.
11:54 of 2nd period - Slapshot by Brett Seney.
11:54 of 2nd period - Stopped by Connor Hellebyuk without a rebound.
11:55 of 2nd period - Jonny Brodzinski wins face-off versus Joel Eriksson Ek in Americans zone.
11:56 of 2nd period - Wrist shot by Reid Boucher.
11:56 of 2nd period - Stopped by Connor Hellebyuk with a rebound.
12:20 of 2nd period - Ilya Lyubushkin is hit by Maxim Mamin.
13:07 of 2nd period - Slapshot by Alan Quine.
13:07 of 2nd period - Stopped by Connor Hellebyuk with a rebound.
13:09 of 2nd period - Snap shot by Wyatt Kalynuk.
13:09 of 2nd period - Shot Blocked by Jakub Vrana.
13:37 of 2nd period - Slapshot by Teemu Pulkkinen.
13:37 of 2nd period - Goal by Teemu Pulkkinen - Americans : 5 - Devils : 3.
13:37 of 2nd period - Akira Schmid enters game.
13:38 of 2nd period - Brett Seney wins face-off versus Tanner Richard in neutral zone.
14:05 of 2nd period - Eeli Tolvanen is hit by Charlie McAvoy and loses puck.
14:30 of 2nd period - Wrist shot by Alex Schoenborn.
14:30 of 2nd period - Stopped by Akira Schmid with a rebound.
14:57 of 2nd period - Icing by Darren Dietz.
14:58 of 2nd period - Tanner Richard wins face-off versus Reid Boucher in Devils zone.
15:13 of 2nd period - Snap shot by Tanner Richard.
15:13 of 2nd period - Shot Misses the Net.
15:25 of 2nd period - Icing by Joel Eriksson Ek.
15:26 of 2nd period - Brett Seney wins face-off versus Joel Eriksson Ek in Americans zone.
15:37 of 2nd period - Snap shot by Daniel Sprong.
15:37 of 2nd period - Stopped by Akira Schmid with a rebound.
15:39 of 2nd period - Snap shot by Matt Grzelcyk.
15:39 of 2nd period - Shot Misses the Net.
15:41 of 2nd period - Slapshot by Matt Grzelcyk.
15:41 of 2nd period - Stopped by Akira Schmid with a rebound.
15:43 of 2nd period - Snap shot by Jakub Vrana.
15:43 of 2nd period - Stopped by Akira Schmid without a rebound.
15:44 of 2nd period - Alan Quine wins face-off versus Teemu Pulkkinen in Devils zone.
15:58 of 2nd period - Minor Penalty to Teemu Pulkkinen for Hooking.
15:59 of 2nd period - Brett Seney wins face-off versus Lauri Pajuniemi in Americans zone.
16:09 of 2nd period - Wrist shot by Valeri Nichushkin.
16:09 of 2nd period - Shot Misses the Net.
16:11 of 2nd period - Wrist shot by Joonas Donskoi.
16:11 of 2nd period - Stopped by Connor Hellebyuk with a rebound.
16:13 of 2nd period - Wrist shot by Brett Seney.
16:13 of 2nd period - Goal by Brett Seney - Americans : 5 - Devils : 4.
16:14 of 2nd period - Tanner Richard wins face-off versus Brett Seney in neutral zone.
18:08 of 2nd period - Slapshot by Joel Eriksson Ek.
18:08 of 2nd period - Shot Misses the Net.
18:50 of 2nd period - Snap shot by Joonas Donskoi.
18:50 of 2nd period - Stopped by Connor Hellebyuk with a rebound.
18:52 of 2nd period - Wrist shot by Brett Seney.
18:52 of 2nd period - Stopped by Connor Hellebyuk with a rebound.
18:54 of 2nd period - Slapshot by Ilya Lyubushkin.
18:54 of 2nd period - Deflect By Brett Seney.
18:54 of 2nd period - Shot Blocked by Tarmo Reunanen.
18:54 of 2nd period - Puck is out of play.
18:55 of 2nd period - Tanner Richard wins face-off versus Alan Quine in Americans zone.
19:46 of 2nd period - Icing by Daniel Sprong.
19:47 of 2nd period - Jakub Vrana wins face-off versus Brett Howden in Americans zone.
19:58 of 2nd period - Wrist shot by Joel Eriksson Ek.
19:58 of 2nd period - Deflect By Jakub Vrana.
19:58 of 2nd period - Shot Misses the Net.
19:58 of 2nd period - Puck is out of play.
19:59 of 2nd period - Ryan Fitzgerald wins face-off versus Alan Quine in Devils zone.
Goals for this period are 3 for Americans vs 1 for Devils.
Shots for this period are 16 for Americans vs 14 for Devils.
3rd period
0:01 of 3rd period - Tanner Richard wins face-off versus Brett Seney in neutral zone.
0:08 of 3rd period - Filip Roos is hit by Jonas Brodin.
0:25 of 3rd period - Vincent Desharnais is hit by Joel Eriksson Ek and loses puck.
0:50 of 3rd period - Wrist shot by Brett Howden.
0:50 of 3rd period - Stopped by Connor Hellebyuk without a rebound.
0:51 of 3rd period - Valeri Nichushkin wins face-off versus Tanner Richard in Americans zone.
0:52 of 3rd period - Snap shot by Joonas Donskoi.
0:52 of 3rd period - Stopped by Connor Hellebyuk without a rebound.
0:53 of 3rd period - Tanner Richard wins face-off versus Brett Seney in Americans zone.
0:53 of 3rd period - Tanner Richard is hit by Christian Wolanin.
1:05 of 3rd period - Dmitri Semykin is hit by Brett Seney and loses puck.
2:02 of 3rd period - Snap shot by Maxim Mamin.
2:02 of 3rd period - Shot Misses the Net.
2:04 of 3rd period - Wrist shot by Zachary Senyshyn.
2:04 of 3rd period - Deflect By Jonny Brodzinski.
2:04 of 3rd period - Stopped by Akira Schmid with a rebound.
2:06 of 3rd period - Slapshot by Dillon Heatherington.
2:06 of 3rd period - Shot Blocked by Cristiano Digiacinto.
2:28 of 3rd period - Off-side.
2:29 of 3rd period - Brett Seney wins face-off versus Joel Eriksson Ek in neutral zone.
2:42 of 3rd period - Slapshot by Jakub Vrana.
2:42 of 3rd period - Stopped by Akira Schmid without a rebound.
2:43 of 3rd period - Tanner Richard wins face-off versus Conor Garland in Devils zone.
3:08 of 3rd period - Alex Schoenborn is hit by Valeri Nichushkin and loses puck.
3:31 of 3rd period - Snap shot by Ilya Lyubushkin.
3:31 of 3rd period - Shot Blocked by Spencer Stastney.
3:33 of 3rd period - Slapshot by Darren Dietz.
3:33 of 3rd period - Stopped by Connor Hellebyuk without a rebound.
3:34 of 3rd period - Tanner Richard wins face-off versus Alexandre Texier in Americans zone.
3:43 of 3rd period - Slapshot by Brett Howden.
3:43 of 3rd period - Deflect By Eeli Tolvanen.
3:43 of 3rd period - Deflect By Jonas Brodin.
3:43 of 3rd period - Shot Misses the Net.
3:43 of 3rd period - Puck is out of play.
3:44 of 3rd period - Alan Quine wins face-off versus Tanner Richard in Americans zone.
4:15 of 3rd period - Joonas Donskoi is hit by Alex Schoenborn and loses puck.
4:58 of 3rd period - Dillon Heatherington is hit by Mason Marchment and loses puck.
5:27 of 3rd period - Snap shot by Tanner Richard.
5:27 of 3rd period - Shot Misses the Net.
5:29 of 3rd period - Snap shot by Teemu Pulkkinen.
5:29 of 3rd period - Goal by Teemu Pulkkinen - Americans : 6 - Devils : 4.
5:30 of 3rd period - Brett Seney wins face-off versus Tanner Richard in neutral zone.
6:28 of 3rd period - Snap shot by Vladimir Tkachev.
6:28 of 3rd period - Shot Misses the Net.
6:30 of 3rd period - Slapshot by Dmitri Semykin.
6:30 of 3rd period - Shot Blocked by Darren Dietz.
6:36 of 3rd period - Double Minor Penalty to Cristiano Digiacinto for Boarding.
6:37 of 3rd period - Brett Seney wins face-off versus Tanner Richard in Devils zone.
8:41 of 3rd period - Alan Quine is hit by Nathan Noel and loses puck.
10:36 of 3rd period - Penalty to Cristiano Digiacinto is over, Cristiano Digiacinto is back on ice.
11:00 of 3rd period - Icing by Tarmo Reunanen.
11:01 of 3rd period - Reid Boucher wins face-off versus Nathan Noel in Americans zone.
11:31 of 3rd period - Snap shot by Nathan Noel.
11:31 of 3rd period - Shot Blocked by Wyatt Kalynuk.
11:41 of 3rd period - Wrist shot by Nathan Noel.
11:41 of 3rd period - Stopped by Akira Schmid with a rebound.
11:43 of 3rd period - Snap shot by Alex Schoenborn.
11:43 of 3rd period - Shot Misses the Net.
11:47 of 3rd period - Wrist shot by Alex Schoenborn.
11:47 of 3rd period - Shot Blocked by Eeli Tolvanen.
11:49 of 3rd period - Snap shot by Tarmo Reunanen.
11:49 of 3rd period - Shot Misses the Net.
12:09 of 3rd period - Snap shot by Alex Schoenborn.
12:09 of 3rd period - Shot Blocked by Brett Howden.
12:11 of 3rd period - Slapshot by Spencer Stastney.
12:11 of 3rd period - Stopped by Akira Schmid with a rebound.
12:13 of 3rd period - Slapshot by Spencer Stastney.
12:13 of 3rd period - Shot Misses the Net.
12:15 of 3rd period - Wrist shot by Alex Schoenborn.
12:15 of 3rd period - Shot Misses the Net.
12:23 of 3rd period - Snap shot by Alex Schoenborn.
12:23 of 3rd period - Shot Misses the Net.
12:25 of 3rd period - Wrist shot by Nathan Noel.
12:25 of 3rd period - Shot Misses the Net.
12:27 of 3rd period - Slapshot by Spencer Stastney.
12:27 of 3rd period - Shot Misses the Net.
12:29 of 3rd period - Wrist shot by Tarmo Reunanen.
12:29 of 3rd period - Stopped by Akira Schmid with a rebound.
12:31 of 3rd period - Slapshot by Spencer Stastney.
12:31 of 3rd period - Shot Blocked by Brett Howden.
12:37 of 3rd period - Slapshot by Alex Schoenborn.
12:37 of 3rd period - Deflect By Nathan Noel.
12:37 of 3rd period - Stopped by Akira Schmid without a rebound.
12:38 of 3rd period - Brett Seney wins face-off versus Richard Nejezchleb in Devils zone.
12:38 of 3rd period - Brett Seney is hit by Richard Nejezchleb.
12:49 of 3rd period - Icing by Charlie McAvoy.
12:50 of 3rd period - Tanner Richard wins face-off versus Brett Seney in Americans zone.
12:57 of 3rd period - Snap shot by Tanner Richard.
12:57 of 3rd period - Shot Misses the Net.
13:05 of 3rd period - Snap shot by Brett Seney.
13:05 of 3rd period - Shot Blocked by Teemu Pulkkinen.
13:15 of 3rd period - Teemu Pulkkinen is hit by Jonny Brodzinski and loses puck.
13:24 of 3rd period - Snap shot by Cristiano Digiacinto.
13:24 of 3rd period - Deflect By Jonny Brodzinski.
13:24 of 3rd period - Stopped by Connor Hellebyuk without a rebound.
13:25 of 3rd period - Brett Seney wins face-off versus Joel Eriksson Ek in Americans zone.
13:33 of 3rd period - Minor Penalty to Xavier Bouchard for Hooking.
13:34 of 3rd period - Brett Seney wins face-off versus Teemu Pulkkinen in Americans zone.
15:32 of 3rd period - Jakub Vrana is hit by Jake Bean and loses puck.
15:33 of 3rd period - Penalty to Xavier Bouchard is over, Xavier Bouchard is back on ice.
15:39 of 3rd period - Snap shot by Alexandre Texier.
15:39 of 3rd period - Shot Misses the Net.
15:47 of 3rd period - Cristiano Digiacinto is hit by Dillon Heatherington and loses puck.
15:54 of 3rd period - Slapshot by Cristiano Digiacinto.
15:54 of 3rd period - Stopped by Connor Hellebyuk with a rebound.
15:56 of 3rd period - Slapshot by Wyatt Kalynuk.
15:56 of 3rd period - Stopped by Connor Hellebyuk with a rebound.
16:12 of 3rd period - Snap shot by Alexandre Texier.
16:12 of 3rd period - Shot Hit the Post.
16:14 of 3rd period - Wrist shot by Alexandre Texier.
16:14 of 3rd period - Stopped by Connor Hellebyuk with a rebound.
16:16 of 3rd period - Snap shot by Cristiano Digiacinto.
16:16 of 3rd period - Goal by Cristiano Digiacinto - Americans : 6 - Devils : 5.
16:17 of 3rd period - Ryan Fitzgerald wins face-off versus Brett Seney in neutral zone.
16:26 of 3rd period - Slapshot by Jonas Brodin.
16:26 of 3rd period - Stopped by Akira Schmid with a rebound.
16:28 of 3rd period - Snap shot by Jonas Brodin.
16:28 of 3rd period - Shot Hit the Post.
16:30 of 3rd period - Backhand shot by Vladimir Tkachev.
16:30 of 3rd period - Goal by Vladimir Tkachev - Americans : 7 - Devils : 5.
16:31 of 3rd period - Reid Boucher wins face-off versus Vladimir Tkachev in neutral zone.
16:56 of 3rd period - Darren Dietz is hit by Jakub Vrana.
17:07 of 3rd period - Slapshot by Jakub Vrana.
17:07 of 3rd period - Shot Misses the Net.
17:16 of 3rd period - Off-side.
17:17 of 3rd period - Brett Seney wins face-off versus Tanner Richard in neutral zone.
18:12 of 3rd period - Slapshot by Matt Grzelcyk.
18:12 of 3rd period - Stopped by Akira Schmid with a rebound.
18:45 of 3rd period - Valeri Nichushkin is hit by Alex Schoenborn and loses puck.
19:04 of 3rd period - Wrist shot by Joel Eriksson Ek.
19:04 of 3rd period - Shot Misses the Net.
19:06 of 3rd period - Snap shot by Joel Eriksson Ek.
19:06 of 3rd period - Stopped by Akira Schmid without a rebound.
19:07 of 3rd period - Tanner Richard wins face-off versus Reid Boucher in Devils zone.
19:30 of 3rd period - Wrist shot by Alexandre Texier.
19:30 of 3rd period - Deflect By Brett Howden.
19:30 of 3rd period - Stopped by Connor Hellebyuk without a rebound.
19:31 of 3rd period - Tanner Richard wins face-off versus Reid Boucher in Americans zone.
19:48 of 3rd period - Wrist shot by Alexandre Texier.
19:48 of 3rd period - Stopped by Connor Hellebyuk with a rebound.
19:50 of 3rd period - Slapshot by Christian Wolanin.
19:50 of 3rd period - Stopped by Connor Hellebyuk without a rebound.
19:51 of 3rd period - Tanner Richard wins face-off versus Reid Boucher in Americans zone.
Goals for this period are 2 for Americans vs 1 for Devils.
Shots for this period are 11 for Americans vs 11 for Devils.